 Dungeon Crawl Stone Soup version 0.24.1-4-ge52af88ad5 (webtiles) character file.

Game seed: 11362348950075678910, levelgen mode: deterministic

5577 Peloso the Carver (level 10, -7/88 HPs)
             Began as a Minotaur Fighter on Apr 16, 2020.
             Was an Elder of Okawaru.
             Mangled by a two-headed ogre
             ... wielding a +0 giant club
              (20 damage)
             ... while paralysed by Erolcha
             ... on level 9 of the Dungeon.
             The game lasted 00:16:35 (7889 turns).

Peloso the Carver (Minotaur Fighter)                Turns: 7889, Time: 00:16:35

Health: -7/88      AC: 13    Str: 22    XL:     10   Next: 44%
Magic:  3/9        EV:  2    Int:  5    God:    Okawaru [****..]
Gold:   447        SH:  0    Dex: 12    Spells: 9/9 levels left

rFire    . . .     SeeInvis .   a - +4 falchion
rCold    . . .     Gourm    .   c - +0 shield
rNeg     . . .     Faith    .   j - +1 chain mail {rPois}
rPois    +         Spirit   .   (helmet restricted)
rElec    .         Reflect  .   (no cloak)
rCorr    .         Harm     .   (no gloves)
MR       .....                  D - +0 pair of boots
Stlth    ..........             (no amulet)
HPRegen  0.24/turn              (no ring)
MPRegen  0.11/turn              (no ring)

@: paralysed
A: retaliatory headbutt, horns 2
a: Heroism, Renounce Religion


You were on level 9 of the Dungeon.
You worshipped Okawaru.
Okawaru was greatly pleased with you.
You were not hungry.

You visited 1 branch of the dungeon, and saw 9 of its levels.

You collected 447 gold pieces.

Inventory:

Hand Weapons
 a - a +4 falchion (weapon)
 b - the +3 spear "Vuzioreg" {pierce, rPois Str+2 Stlth+}
   (You found it on level 5 of the Dungeon)

   It inflicts extra damage upon your enemies.
   It affects your strength (+2).
   It protects you from poison.
   It makes you more stealthy.
Armour
 c - a +0 shield (worn)
 j - a +1 chain mail of poison resistance (worn)
 D - a +0 pair of boots (worn)
 E - the +2 pair of boots "Pusiwkel" {-Cast rElec rF+++ Dex-4}
   (You found it on level 5 of the Dungeon)

   It affects your dexterity (-4).
   It renders you almost immune to fire.
   It insulates you from electricity.
   It prevents spellcasting.
Jewellery
 x - an uncursed ring of protection from magic
 y - an uncursed ring of flight
 G - a cursed -2 ring of evasion
Wands
 p - a wand of disintegration (7)
 s - a wand of flame (27)
 w - a wand of random effects (11)
 B - a wand of polymorph (6)
 H - a wand of acid (8)
Scrolls
 d - 3 scrolls of fog
 e - a scroll of enchant weapon
 g - a scroll of vulnerability {unknown}
 h - 2 scrolls of magic mapping {unknown}
 i - 8 scrolls of teleportation
 k - a scroll of identify
 l - 2 scrolls of remove curse
 m - 3 scrolls of enchant armour {unknown}
 n - a scroll of noise {unknown}
 o - 2 scrolls of fear {unknown}
 r - 2 scrolls of amnesia {unknown}
 u - 2 scrolls of random uselessness {unknown}
 I - 2 scrolls of silence {unknown}
Potions
 q - 7 potions of curing
 t - 3 potions of ambrosia
 v - 2 potions of heal wounds
 z - a potion of brilliance
 A - 2 potions of mutation
 C - a potion of might
 F - a potion of haste
Comestibles
 f - 17 rations
 J - 5 chunks of flesh


   Skills:
 + Level 7.7 Fighting
   Level 2.3(6.6) Short Blades
 + Level 10.5(10.7) Long Blades
 + Level 9.2 Armour
 + Level 5.4 Dodging
 + Level 1.2 Stealth
 + Level 9.5 Shields
 + Level 0.1 Invocations
 + Level 0.2 Evocations


You had 9 spell levels left.
You didn't know any spells.
Your spell library contained the following spells:

 Spells                   Type           Power        Failure   Level  Hunger
 Magic Dart               Conj           #...         100%        1    ##.....
 Searing Ray              Conj           #.....       100%        2    ###....
 Dazzling Spray           Conj/Hex       #.....       100%        3    ####...
 Force Lance              Conj/Tloc      #.......     100%        4    #####..
 Fulminant Prism          Conj/Hex       #.........   100%        4    #####..
 Iskenderun's Mystic Bla  Conj           #.......     100%        4    #####..


Dungeon Overview and Level Annotations

Branches:
Dungeon (9/15)             Temple (0/1) D:6
   Lair: D:8-11         Orc: D:9-12

Altars:
Gozag
Hepliaklqana
Nemelex Xobeh
Okawaru
Ru
Wu Jian
Yredelemnul
Zin
The Shining One

Shops:
D:6 %   D:8 [=

Annotations:
D:9 Erolcha


Innate Abilities, Weirdness & Mutations

You reflexively headbutt those who attack you in melee.
You have a pair of horns on your head.


Message History

A worker ant comes into view.
You hit Erolcha. Your headbutt misses Erolcha.
Erolcha is severely wounded.
You barely miss Erolcha. You headbutt Erolcha.
Erolcha is severely wounded.
Erolcha casts a spell at you.
You suddenly lose the ability to move!
A worker ant comes into view.
Erolcha hits you with a +0 giant spiked club!
The worker ant twitches its antennae in your direction.
Erolcha roars.
Erolcha hits you with a +0 giant spiked club!!
The two-headed ogre hits you with a +0 giant club!
The two-headed ogre hits you with a +0 giant club!!
* * * LOW HITPOINT WARNING * * *
You feel like a meek peon again. Erolcha hits you but does no damage.
Your hands slow down.
The two-headed ogre hits you with a +0 giant club!!
You die...

##....)...................
#<(((....#....###...###...
<รท......###...###...# ..
#<.......#....###...###...
##........................
##.......................
##..(...................
##.....................
##[.........@O.......#
##....(.....O.......#
##.................#
##.........$###a...
##....)..a.###....
##..#%....###....
#####......... .........?


You could see a two-headed ogre, Erolcha and 2 worker ants.

Vanquished Creatures
  An unseen horror (D:8)
  A troll (D:8)
  A hippogriff (D:7)
  Sigmund (D:3)
  5 yaks
  A steam dragon (D:8)
  2 ice beasts
  3 sky beasts
  2 necrophages
  7 ogres
  3 centaurs
  A big kobold (D:8)
  3 bullfrogs
  A gnoll sergeant (D:8)
  A scorpion (D:6)
  A wyvern skeleton (D:9)
  7 killer bees
  5 wights (D:8)
  A howler monkey (D:6)
  An electric eel (D:8)
  3 crimson imps
  5 hounds
  A bullfrog skeleton (D:5)
  5 jellies
  3 orc priests
  A gnoll shaman (D:5)
  2 orc wizards (D:4)
  Ijyb (D:4)
  4 worker ants
  A howler monkey zombie (D:7)
  17 gnolls
  11 adders
  2 shadow imps
  An ooze (D:6)
  An adder skeleton (D:6)
  2 dart slugs
  8 leopard geckos
  18 orcs
  4 ball pythons
  9 bats
  3 giant cockroaches
  3 goblins
  7 hobgoblins
  9 jackals
  11 kobolds
  2 quokkas
  A ball python skeleton (D:4)
  7 frilled lizards
  A jackal skeleton (D:4)
  A quokka zombie (D:5)
  3 rats
195 creatures vanquished.

Notes
Turn   | Place    | Note
-------+----------+-------------------------------------------
     0 | D:1      | Peloso the Minotaur Fighter began the quest for the Orb.
     0 | D:1      | Reached XP level 1. HP: 19/19 MP: 0/0
   263 | D:1      | Reached XP level 2. HP: 27/27 MP: 1/1
   777 | D:2      | Reached XP level 3. HP: 33/33 MP: 2/2
   823 | D:2      | Reached skill level 3 in Long Blades
   974 | D:2      | Reached XP level 4. HP: 26/40 MP: 3/3
  1196 | D:2      | Found a sparkling altar of Nemelex Xobeh.
  1681 | D:3      | Found a sacrificial altar of Ru.
  1772 | D:3      | Found an iron altar of Okawaru.
  1789 | D:3      | Noticed Sigmund
  1794 | D:3      | Became a worshipper of Warmaster Okawaru
  1802 | D:3      | Killed Sigmund
  1802 | D:3      | Reached * piety under Okawaru
  1802 | D:3      | Reached skill level 1 in Short Blades
  1802 | D:3      | Reached skill level 4 in Long Blades
  1802 | D:3      | Reached skill level 5 in Armour
  1802 | D:3      | Reached skill level 5 in Shields
  1802 | D:3      | Reached XP level 5. HP: 46/46 MP: 4/4
  1802 | D:3      | Reached XP level 6. HP: 52/52 MP: 5/5
  2439 | D:4      | Reached skill level 5 in Long Blades
  2459 | D:4      | Found a glowing golden altar of the Shining One.
  2459 | D:4      | Found an ornate altar of the Wu Jian Council.
  2582 | D:4      | Reached skill level 1 in Dodging
  2582 | D:4      | Reached XP level 7. HP: 57/60 MP: 6/6
  2655 | D:4      | Noticed Ijyb
  2669 | D:4      | Killed Ijyb
  2965 | D:5      | Entered Level 5 of the Dungeon
  3269 | D:5      | Reached skill level 5 in Fighting
  3290 | D:5      | Got a pair of steaming boots
  3296 | D:5      | Identified the +2 pair of boots "Pusiwkel" {-Cast rElec
                  | rF+++ Dex-4} (You found it on level 5 of the Dungeon)
  3342 | D:5      | Got an encrusted spear
  3343 | D:5      | Identified the cursed +3 spear "Vuzioreg" {pierce, rPois
                  | Str+2 Stlth+} (You found it on level 5 of the Dungeon)
  3387 | D:5      | Reached skill level 6 in Long Blades
  3400 | D:5      | Reached ** piety under Okawaru
  3400 | D:5      | Reached XP level 8. HP: 39/68 MP: 7/7
  3885 | D:6      | Reached skill level 7 in Long Blades
  3915 | D:6      | Found a staircase to the Ecumenical Temple.
  4309 | D:6      | Found Ongymulael's Food Shop.
  4502 | D:6      | Found a sparkling altar of Nemelex Xobeh.
  4742 | D:7      | Reached skill level 8 in Long Blades
  4972 | D:7      | Reached XP level 9. HP: 73/74 MP: 8/8
  4980 | D:7      | Found a glowing silver altar of Zin.
  4990 | D:7      | Reached *** piety under Okawaru
  5098 | D:7      | Found a basalt altar of Yredelemnul.
  5296 | D:7      | Reached skill level 9 in Long Blades
  5998 | D:8      | Reached skill level 1 in Stealth
  6176 | D:8      | Reached skill level 5 in Dodging
  6380 | D:8      | Reached **** piety under Okawaru
  6391 | D:8      | Reached skill level 10 in Long Blades
  6659 | D:8      | Killed an unseen horror
  6659 | D:8      | Reached XP level 10. HP: 40/84 MP: 6/9
  6930 | D:8      | Found Gaikonat's Antique Armour Shop.
  6988 | D:8      | Found Uduygyom's Jewellery Emporium.
  7031 | D:8      | Found an opulent altar of Gozag.
  7351 | D:9      | Found a hazy altar of Hepliaklqana.
  7651 | D:8      | Reached ***** piety under Okawaru
  7867 | D:9      | Noticed Erolcha
  7874 | D:9      | Noticed a two-headed ogre
  7884 | D:9      | Paralysed by Erolcha for 5 turns
  7889 | D:9      | Mangled by a two-headed ogre

Levels and vault maps discovered:
D:1:      lightli_arrival_boilingwater, layout_basic
D:2:      kennysheep_six_static_rooms, layout_basic,
          nicolae_overflow_hidden_temple, first_ration,
          minmay_shallow_snake_nest
D:3:      layout_loops_ring, nicolae_ru_awakened_eye, minivault_26,
          kennysheep_okawaru_gauntlet, uniq_sigmund
D:4:      layout_loops_cross, gammafunk_temple_overflow_elements, uniq_ijyb
D:5:      layout_basic, corexii_checkpoint_a
D:6:      layout_gridville, minmay_temple_entry_drinking_statues, serial_shops,
          shop, nemelex_dance_club_becter
D:7:      layout_layer_cave, zin_academy, basic_altar
D:8:      layout_loops_ring, serial_shops, shop, nicolae_shop_trees,
          blue_anna_alchemist [blue_anna_fruit_fields, blue_anna_fruit_fields],
          kennysheep_pointless_box, chequers_serial_rivers_room_b, minivault_5,
          nicolae_gozag_seed_capital
D:9:      layout_big_octagon, kennysheep_mini_moat, uniq_erolcha

Skill      XL: |  1  2  3  4  5  6  7  8  9 10 |
---------------+-------------------------------+-----
Armour         | 4 5 6 7 8 9 |  9.2
Shields        | 4 5 6 8 9 |  9.5
Fighting       | 4 5 6 7 |  7.7
Long Blades    | 3 4 5 6 8 10 | 10.5
Short Blades   | 1 2 |  2.3
Dodging        | 1 2 4 5 |  5.4
Stealth        | 1 |  1.2
Invocations    | |  0.1
Evocations     | |  0.2

Action                   |  1- 3 |  4- 6 |  7- 9 | 10-12 || total
-------------------------+-------+-------+-------+-------++-------
Melee: Long sword        |   103 |   104 |   377 |       ||   584
       Headbutt          |    15 |    25 |    68 |    33 ||   141
       Short sword       |       |    34 |       |       ||    34
       Falchion          |       |       |    36 |   120 ||   156
Invok: Heroism           |       |       |     3 |     1 ||     4
       Finesse           |       |       |       |     1 ||     1
Evoke: Wand              |       |       |     2 |       ||     2
  Use: Potion            |     4 |     1 |     1 |       ||     6
       Scroll            |       |       |    12 |       ||    12
  Eat: Chunk             |       |     5 |    14 |     4 ||    23
Armor: Scale mail        |     8 |       |       |       ||     8
       Chain mail        |    61 |    96 |   193 |    41 ||   391
Dodge: Dodged            |    20 |    31 |   133 |    34 ||   218
Block: Shield            |    56 |    95 |   227 |    50 ||   428
       Rpst.: Long sword |     3 |     4 |    38 |       ||    45
       Falchion          |       |       |     1 |     9 ||    10
